 Dungeon Crawl Stone Soup version 0.31-a0-664-g902f515a81 (webtiles) character file.

Game seed: 17696691547538760656

79 AtlasWard the Twirler (level 4, -10/48 HPs)
             Began as an Ogre Gladiator on Sept 2, 2023.
             Mangled by Crazy Yiuf
             ... wielding a +3 quarterstaff of chaos
              (14 damage)
             ... on level 2 of the Dungeon.
             The game lasted 00:02:11 (1445 turns).

AtlasWard the Twirler (Ogre Gladiator)              Turns: 1445, Time: 00:02:12

Health: -10/48     AC:  3    Str: 20    XL:     4   Next: 38%
Magic:  4/4        EV: 10    Int:  9    God:
Gold:   97         SH:  0    Dex: 10    Spells: 3/3 levels left

rFire   . . .        a - +0 quarterstaff
rCold   . . .        (shield currently unavailable)
rNeg    . . .        b - +0 robe
rPois   +            c - +0 hat
rElec   .            (no cloak)
rCorr   .            (gloves unavailable)
SInv    .            (boots unavailable)
Will    .....        k - amulet of magic regeneration
Stlth   +            g - ring of poison resistance
HPRegen 0.28/turn    (no ring)
MPRegen 0.49/turn

%: no passive effects
@: no status effects
A: large, unfitting armour, tough skin 1
a: no special abilities


You were on level 2 of the Dungeon.
You visited 1 branch of the dungeon, and saw 3 of its levels.

You collected 97 gold pieces.

Inventory:

Hand Weapons
 a - a +0 quarterstaff (weapon)
 l - a +2 whip of draining
Missiles
 d - 3 throwing nets (quivered)
 e - a large rock
Armour
 b - a +0 robe (worn)
 c - a +0 hat (worn)
Jewellery
 g - a ring of poison resistance (left hand)
 i - a ring of flight
 k - an amulet of magic regeneration (around neck)
Scrolls
 f - a scroll of identify {unknown}
Potions
 h - 2 potions of heal wounds {unknown}
 j - a potion of attraction {unknown}
 m - a potion of curing {unknown}


   Skills:
 + Level 3.7 Fighting
 * Level 4.2 Staves
 - Level 2.0 Throwing
 + Level 3.2 Dodging


You had 3 spell levels left.
You didn't know any spells.
Your spell library was empty.

Dungeon Overview and Level Annotations

Branches:
Dungeon (3/15)

Altars:
Xom

Annotations:
D:2 Crazy Yiuf


Innate Abilities, Weirdness & Mutations

You are too large for most types of armour.
You have tough skin. (AC +1)


Message History

No target in view!
No target in view!
You see here a +0 hammer.
Found three hammers.
You see here a +0 hammer.
No reachable target in view!
You open the door. You barely miss Crazy Yiuf.
Crazy Yiuf hits you with a +3 quarterstaff of chaos!
You closely miss Crazy Yiuf. Crazy Yiuf misses you.
You hit Crazy Yiuf.
Crazy Yiuf is moderately wounded.
Crazy Yiuf screams, "Tosser alas cower!"
Crazy Yiuf hits you with a +3 quarterstaff of chaos!
You hit Crazy Yiuf.
Crazy Yiuf is heavily wounded.
Crazy Yiuf hits you with a +3 quarterstaff of chaos!
You hit Crazy Yiuf but do no damage.
Crazy Yiuf is heavily wounded.
Crazy Yiuf hits you with a +3 quarterstaff of chaos!
* * * LOW HITPOINT WARNING * * *
Crazy Yiuf burns you.
* * * LOW HITPOINT WARNING * * *
You hit Crazy Yiuf.
Crazy Yiuf is severely wounded.
Crazy Yiuf cries, "Adder aubergine rumpyflump!"
Crazy Yiuf hits you with a +3 quarterstaff of chaos!
* * * LOW HITPOINT WARNING * * *
Crazy Yiuf draws strength from your wounds!
You hit Crazy Yiuf but do no damage.
Crazy Yiuf is severely wounded.
Crazy Yiuf misses you.
You hit Crazy Yiuf.
Crazy Yiuf is severely wounded.
Crazy Yiuf says, "Snower aubergine toodlewoodle!"
Crazy Yiuf completely misses you.
You hit Crazy Yiuf.
Crazy Yiuf is almost dead.
Crazy Yiuf hits you with a +3 quarterstaff of chaos!
You die...

######## #......#
#.####.## #.#......
####### ##.#.##.##
###..)#)### ###
#..#.##.#
##.....)#))##)))#
#.......#
#......####@g)).#
#.####### #..#..##
###)))# ### #.##### ###
#.## #..# ###
##.########### ####.##
#...........###.....##
#
#####.#.######.......##
##
#....####........>####.


You could see Crazy Yiuf.

Vanquished Creatures
  4 gnolls
  An adder (D:2)
  A dart slug (D:2)
  4 bats
  2 endoplasms (D:1)
  A goblin (D:2)
  5 hobgoblins
  7 kobolds
  2 ball pythons (D:1)
  3 frilled lizards
  A rat (D:2)
31 creatures vanquished.

Notes
Turn   | Place    | Note
-------+----------+-------------------------------------------
     0 | D:1      | AtlasWard the Ogre Gladiator began the quest for the Orb.
     0 | D:1      | Reached XP level 1. HP: 22/22 MP: 1/1
   241 | D:1      | Reached XP level 2. HP: 29/29 MP: 2/2
   666 | D:2      | Reached XP level 3. HP: 29/37 MP: 3/3
   873 | D:3      | Reached skill level 4 in Staves
   873 | D:3      | Reached XP level 4. HP: 40/44 MP: 4/4
  1161 | D:2      | Found a shimmering altar of Xom.
  1430 | D:2      | Identified the +9 hammer "Luipramew" {speed, Str+3}
  1432 | D:2      | Found a runed translucent door.
  1433 | D:2      | Noticed Crazy Yiuf
  1445 | D:2      | Mangled by Crazy Yiuf

Illustrated notes

Levels and vault maps discovered:
D:1:      erik_arrival_triangle_small, layout_basic
D:2:      layout_loops_corners, basic_altar, uniq_crazy_yiuf_cottage
D:3:      layout_basic, kiku_gazebo_pond_becter, jmf_multi_god_temple,
          mainiacjoe_overflow_chevrons, kennysheep_cross_bottleneck,
          minmay_misc_feat_chi, uniq_natasha

Skill      XL: |  1  2  3 |
---------------+----------+-----
Fighting       | 3 |  3.7
Dodging        | 3 |  3.2
Staves         | 4 |  4.2
Throwing       | |  2.0

Action                     |  1- 3 |  4- 6 || total
---------------------------+-------+-------++-------
  Melee: Quarterstaff      |    54 |    26 ||    80
 Armour: Robe              |    41 |    10 ||    51
  Dodge: Dodged            |    26 |    17 ||    43

Table legend: (Time is in decaauts)
 A = Elapsed time spent in this place.
 B = Non-inter-level travel time spent in this place.
 C = Inter-level travel time spent in this place.
 D = Time resting spent in this place.
 E = Time spent auto-exploring this place.
 F = Levels seen in this place.
 G = Mean time per level.
                   A        B        C        D        E       F      G
               +--------+--------+--------+--------+--------+-----+--------+
         Total |   1454 |   1427 |     27 |    116 |   1083 |   3 |  484.7 |
       Dungeon |   1454 |   1427 |     27 |    116 |   1083 |   3 |  484.7 |
               +--------+--------+--------+--------+--------+-----+--------+

Top non-repeatable levels by time:
     D:2: 813 daAuts
     D:1: 510 daAuts
     D:3: 130 daAuts
